 Dungeon Crawl Stone Soup version 0.21-a0-94-gdd6ab6a (webtiles) character file.

44 Lavandula the Bolt Thrower (level 3, 0/26 HPs)
             Began as a Mummy Arcane Marksman on July 2, 2017.
             Slain by Crazy Yiuf
             ... wielding a +4 quarterstaff of chaos
              (11 damage)
             ... on level 2 of the Dungeon.
             The game lasted 00:05:11 (1009 turns).

Lavandula the Bolt Thrower (Mummy Arcane Marksman)  Turns: 1009, Time: 00:05:12

Health: 0/26       AC:  3    Str: 13    XL:     3   Next: 41%
Magic:  5/5        EV: 12    Int: 12    God:
Gold:   45         SH:  0    Dex: 13    Spells: 1/4 levels left

rFire    x . .     SeeInvis .   a - +0 hand crossbow
rCold    + . .     Gourm    .   (no shield)
rNeg     + + +     Faith    .   e - +0 robe
rPois    ∞         Spirit   .   (no helmet)
rElec    .         Reflect  .   (no cloak)
rCorr    .         Harm     .   m - +0 pair of gloves
MR       .....                  (no boots)
Stlth    +.........             (no amulet)
HPRegen  0.08/turn              (no ring)
MPRegen  0.09/turn              (no ring)

@: no status effects
A: no food or potions, fire vulnerability, cold resistance 1, negative energy
resistance 3, torment resistance, unbreathing
a: no special abilities


You were on level 2 of the Dungeon.
You were not hungry.

You visited 1 branch of the dungeon, and saw 3 of its levels.

You collected 45 gold pieces.

Inventory:

Hand Weapons
 a - a +0 hand crossbow (weapon)
 h - a +0 dagger
 k - a cursed +0 hunting sling
Missiles
 d - 14 bolts (quivered)
 i - 18 sling bullets
Armour
 e - a +0 robe (worn)
 m - a +0 pair of gloves (worn)
Jewellery
 f - an uncursed ring of positive energy {unknown}
Scrolls
 b - 2 scrolls of teleportation {unknown}
 g - 2 scrolls of enchant weapon {unknown}
 j - 2 scrolls of remove curse {unknown}
 l - a scroll of identify {unknown}
Books
 c - a book of Debilitation

   Spells                             Type                      Level
   a - Corona                         Hexes                        1
   b - Slow                           Hexes                        2
   c - Inner Flame                    Hexes/Fire                   3
   d - Portal Projectile              Hexes/Translocation          3
   e - Cause Fear                     Hexes                        4
   f - Leda's Liquefaction            Hexes/Earth                  4


   Skills:
 - Level 1.0 Fighting
 + Level 3.1 Crossbows
 - Level 1.6 Dodging
 - Level 1.3 Spellcasting
 - Level 2.7 Hexes


You had one spell level left.
You knew the following spells:

 Your Spells              Type           Power        Failure   Level  Hunger
a - Corona                Hex            #......      10%         1    N/A
b - Slow                  Hex            #.......     14%         2    N/A

Dungeon Overview and Level Annotations

Branches:
Dungeon (3/15)

Altars:
Elyvilon

Annotations:
D:2 Crazy Yiuf


Innate Abilities, Weirdness & Mutations

You do not eat or drink.
Your flesh is vulnerable to fire.
You are immune to poison.
Your flesh is cold resistant. (rC+)
You are immune to negative energy. (rN+++)
You are immune to unholy pain and torment.
You can survive without breathing.


Message History

Aim: Crazy Yiuf, wielding a quarterstaff of chaos and wearing a cloak (heavily wounded)
You shoot a bolt. The bolt hits Crazy Yiuf!
Crazy Yiuf is almost dead.
Crazy Yiuf closely misses you.
Firing (i - inventory):
d - 16 bolts (quivered)
Press: ? - help, Shift-Dir - straight line, f/p - Crazy Yiuf
Aim: Crazy Yiuf, wielding a quarterstaff of chaos and wearing a cloak (almost dead)
You shoot a bolt.
The bolt hits Crazy Yiuf but does no damage.
Crazy Yiuf is almost dead.
Crazy Yiuf drinks a potion.
Crazy Yiuf is healed!
Crazy Yiuf hits you with a quarterstaff of chaos!
Crazy Yiuf burns you.
Firing (i - inventory):
d - 15 bolts (quivered)
Press: ? - help, Shift-Dir - straight line, f/p - Crazy Yiuf
Aim: Crazy Yiuf, wielding a quarterstaff of chaos and wearing a cloak (heavily wounded)
You shoot a bolt. The bolt hits Crazy Yiuf!
Crazy Yiuf is severely wounded.
Crazy Yiuf hits you with a quarterstaff of chaos!
You die...

#.###########.#...
#.# #.##.# #.#
#.##.# #.# #.##.#
#.# ###.##.# #.#
#....... #.#
###.#..... #.#
#......#.#
##@#######.###..#.#
#.g........# #..#.#
######..#######.#
#.### #..)...)...#
#.....#
#.####.(##.#
###.### #.# #..##.#
.# #.# #..##.# #
#.####((##.#
####.......##.#


You could see Crazy Yiuf.

Vanquished Creatures
  2 worms (D:2)
  2 dart slugs (D:2)
  A leopard gecko (D:1)
  3 bats
  6 goblins
  2 hobgoblins
  2 jackals (D:2)
  3 ball pythons
  4 frilled lizards
  5 kobolds
  2 rats (D:2)
  A fungus (D:2)
33 creatures vanquished.

Notes
Turn   | Place    | Note
-------+----------+-------------------------------------------
     0 | D:1      | Lavandula the Mummy Arcane Marksman began the quest for the Orb.
     0 | D:1      | Reached XP level 1. HP: 15/15 MP: 2/2
   114 | D:1      | Reached skill level 2 in Crossbows
   140 | D:1      | Reached XP level 2. HP: 11/21 MP: 2/4
   360 | D:2      | Found a white marble altar of Elyvilon.
   432 | D:2      | Reached XP level 3. HP: 25/26 MP: 3/5
   474 | D:2      | Reached skill level 3 in Crossbows
   577 | D:2      | Learned a level 2 spell: Slow
   605 | D:2      | Found a runed door.
   609 | D:2      | Noticed Crazy Yiuf
  1009 | D:2      | Slain by Crazy Yiuf

Vault maps used:
D:1:      lightli_arrival_statue_moat
D:2:      nicolae_overflow_hidden_temple, elyvilon_altar_5,
          uniq_crazy_yiuf_cottage
D:3:      chequers_ecumenical_altar_lobes, first_bread

Skill      XL: |  1  2  3 |
---------------+----------+-----
Crossbows      | 2 3 |  3.1
Fighting       | |  1.0
Dodging        | |  1.6
Spellcasting   | |  1.3
Hexes          | |  2.7

Action                   || total
-------------------------++-------
Melee: Dagger            ||    38
 Fire: Hand crossbow     ||    66
 Cast: Corona            ||    20
       Slow              ||     3
Armor: Robe              ||    11
Dodge: Dodged            ||    38
